cohdb
Replays
Latest Replays
All Replays
Popular Replays
Top Player Replays
Match Explorer
How It Works
Community
CoH3 Stats
Reddit
Sign in to upload your games and track your stats! →
Sign in with Steam
Match 44168591
Unlisted
Match 44168591
Overview
Messages
Build Orders
End
Selects Australian Defense Battlegroup
Selects Australian Light Infantry Section
Australian Light Infantry Section
Australian Light Infantry Section
Construct Section Command Post
Australian Light Infantry Section
Selects Defensive Tactics
Construct Platoon Command Post
Unlock Bishop Self-propelled Artillery
Infantry Training
Bishop Self-propelled Artillery
Selects Vehicle Over Repair
Royal Engineer Section
Construct Company Command Post
Matilda II Heavy Tank
Armored Vehicle Training
Matilda II Heavy Tank
diabolic
Asni
GodoSaurio
DrunkPoet
Joraad
Mjölner
Ghostplex
Trollefar
0
0
Comments
sign in to comment!
No comments posted yet!